 Seeded DCSS version 0.29-a0-676-ga64570c9d2 (webtiles) character file.

Game seed: 11281427841516483749 (custom seed)

2307 zeratav the Archer (level 9, -11/52 HPs)
             Began as a Tengu Hunter on June 24, 2022.
             Was a Priest of Okawaru.
             Killed from afar by an orc wizard (12 damage)
             ... with a magic dart
             ... on level 7 of the Dungeon.
             The game lasted 00:09:18 (6959 turns).

zeratav the Archer (Tengu Hunter)                   Turns: 6959, Time: 00:09:19

Health: -11/52     AC:  3    Str: 11    XL:     9   Next: 41%
Magic:  12/12      EV: 21    Int: 16    God:    Okawaru [***...]
Gold:   355        SH:  0    Dex: 22    Spells: 8/8 levels left

rFire   . . .      SeeInvis .   a - +1 shortbow {bow}
rCold   . . .      Faith    .   (shield currently unavailable)
rNeg    . . .      Spirit   .   b - +0 leather armour
rPois   .          Reflect  .   (helmet restricted)
rElec   .          Harm     .   (no cloak)
rCorr   .          Rampage  .   (no gloves)
Will    .....                   (boots unavailable)
Stlth   +++.......              (no amulet)
HPRegen 0.17/turn               l - +4 ring of evasion
MPRegen 0.13/turn               n - +6 ring of intelligence

@: flying quickly and evasively, quick
A: beak, talons 3, nimble flight
a: Renounce Religion, Heroism


You were on level 7 of the Dungeon.
You worshipped Okawaru.
Okawaru was most pleased with you.
You visited 1 branch of the dungeon, and saw 7 of its levels.

You collected 355 gold pieces.


Innate Abilities, Weirdness & Mutations

You have a beak for a mouth.
You have claws for feet.
Your magical nature lets you fly swiftly and evasively.


   Skills:
 + Level 4.4 Fighting
 + Level 10.8 Bows
 + Level 4.8 Dodging
 - Level 5.0 Stealth
 + Level 3.3 Invocations


You had 8 spell levels left.
You didn't know any spells.
Your spell library contained the following spells:

 Spells                   Type           Power      Damage    Failure   Level
 Freeze                   Ice            0%         1d3       32%         1
 Blink                    Tloc           0%         N/A       45%         2
 Static Discharge         Conj/Air       0%         N/A       45%         2
 Frozen Ramparts          Ice            0%         1d2       69%         3
 Inner Flame              Hex/Fire       0%         N/A       69%         3
 Lesser Beckoning         Tloc           0%         N/A       69%         3
 Cause Fear               Hex            0%         N/A       97%         4
 Hailstorm                Conj/Ice       0%         3d3       97%         4
 Lightning Bolt           Conj/Air       0%         1d11      100%        5
 Manifold Assault         Tloc           0%         N/A       100%        5
 Discord                  Hex            0%         N/A       100%        8
 Maxwell's Capacitive Co  Air            0%         ∞         100%        8

Inventory:

Hand Weapons
 a - a +1 shortbow (weapon) {bow}
 t - a +0 dagger of draining {short}
   (You took it off an orc on level 5 of the Dungeon)
 w - a +0 falchion of draining {long}
   (You found it on level 6 of the Dungeon)
 B - a +2 spear of venom {polearm}
   (You took it off a gnoll sergeant on level 6 of the Dungeon)
 D - a +4 flail {mace}
   (You took it off a wight on level 7 of the Dungeon)
Armour
 b - a +0 leather armour (worn)
 C - a +0 pair of gloves
   (You found it on level 7 of the Dungeon)
Jewellery
 l - a +4 ring of evasion (left hand)
   (You found it on level 3 of the Dungeon)
 n - a +6 ring of intelligence (right hand)
   (You found it on level 3 of the Dungeon)
Wands
 r - a wand of flame (18)
   (You found it on level 5 of the Dungeon)
 x - a wand of digging (4)
   (You found it on level 6 of the Dungeon)
Scrolls
 c - a scroll of immolation {!r!r}
 d - 6 scrolls of identify {unknown}
 e - 2 scrolls of magic mapping {unknown}
 g - 2 scrolls of enchant armour {unknown}
 h - a scroll of fear {unknown}
 k - a scroll of silence {unknown}
 o - a scroll of amnesia {unknown}
 p - 2 scrolls of enchant weapon {unknown}
 v - 2 scrolls of teleportation {unknown}
 y - a scroll of vulnerability {unknown}
Potions
 f - 2 potions of mutation {unknown}
 i - a potion of ambrosia {unknown}
 j - a potion of invisibility {unknown}
 m - 4 potions of curing {unknown}
 q - 2 potions of heal wounds {unknown}
 s - 2 potions of flight {unknown}
 u - a potion of brilliance {unknown}
 z - 2 potions of attraction {unknown}
 A - a potion of lignification {unknown}

Dungeon Overview and Level Annotations

Branches:
Dungeon (7/15) Zot: 26484  Temple (0/1) D:5

Altars:
Cheibriados
Okawaru
Wu Jian

Shops:
D:2 (

Annotations:
D:6 2 transporters, testman's ghost, novice TrMo

....###.......÷## #.# #.....
#######...o.....#####.# #.....
.....[...##)........#.########'##
....)....##.........#......# #.#
.........##.........#..###.# #.##
...########.........#..# #.# #...
... #.........#..###'###### ..
#.........#..##...# .#
#.....@...#..##...# .
#######'###..##...# #..##..##...#
##.##..##...# #..#..##...#
##.#..##...# #....###'######
#....# #....... ##...##########


You could see an orc wizard.


Message History

You easily resist.
The orc closely misses you.
You shoot an arrow. The arrow barely misses the orc wizard.
The orc wizard hits you with a +0 dagger.
The orc hits you with a +0 mace!
HP[-10]
You take 10 damage, and now have 42/52 hp.
You shoot an arrow.
The arrow closely misses the orc wizard.
The orc wizard gestures at you while chanting.
The puff of flame misses you.
You shoot an arrow.
The arrow closely misses the orc wizard.
The orc wizard barely misses you.
The orc wizard hits you but does no damage.
Something hits you.
HP[-2]
You take 2 damage, and now have 40/52 hp.
Shoot: a) +1 shortbow {bow}
Press: ? - help, Q - select action, (/) - cycle Shift-Dir - straight line, p - orc wizard You shoot an arrow.
The arrow barely misses the orc wizard.
Shoot: a) +1 shortbow {bow}
Press: ? - help, Q - select action, (/) - cycle Shift-Dir - straight line, f - orc wizard
Aim: an orc wizard, wielding a +0 dagger and wearing a +0 robe (lightly wounded, 65% to hit)
You shoot an arrow. The arrow hits the orc wizard.
The orc wizard misses you.
HP[+1] Shoot: a) +1 shortbow {bow}
Press: ? - help, Q - select action, (/) - cycle Shift-Dir - straight line, f/p - orc wizard
Aim: an orc wizard, wielding a +0 dagger and wearing a +0 robe (moderately wounded, 65% to hit)
You shoot an arrow.
The arrow closely misses the orc wizard.
The orc wizard misses you. Something hits you.
HP[-1]
You take 1 damage, and now have 40/52 hp.
Shoot: a) +1 shortbow {bow}
Press: ? - help, Q - select action, (/) - cycle Shift-Dir - straight line, f/p - orc wizard
Aim: an orc wizard, wielding a +0 dagger and wearing a +0 robe (moderately wounded, 65% to hit)
You shoot an arrow. The arrow barely misses the orc wizard.
The orc wizard hits you with a +0 dagger.
The orc misses you.
You hear some strange, mumbled words.
You are confused.
HP[-2]
You take 2 damage, and now have 38/52 hp.
The orc wizard closely misses you.
You hear some strange, mumbled words.
A puff of flame appears from out of thin air!
The puff of flame hits you.
HP[-6]
You take 6 damage, and now have 32/52 hp.
You bump into the rock wall.
The orc wizard casts a spell at you. The magic dart hits you!
* * * LOW HITPOINT WARNING * * *
The orc closely misses you.
HP[-9]
You take 9 damage, and now have 23/52 hp.
Something closely misses you.
The orc wizard gestures at you while chanting.
You easily resist.
HP[+1]
You closely miss the orc. You claw the orc, but do no damage.
You feel less confused.
Something hits you but does no damage. x2
The orc completely misses you.
The orc wizard casts a spell.
The orc wizard flickers and vanishes!
HP[+1]
A puff of flame appears from out of thin air!
The puff of flame hits something!
There is an open door here.
You reach down and close the door.
Something unseen opens the door.
HP[+1]
A puff of flame appears from out of thin air!
The puff of flame hits you!
* * * LOW HITPOINT WARNING * * *
HP[-9]
You take 9 damage, and now have 17/52 hp.
Something tries to affect you, but you resist.
HP[+1]
You are confused.
A magic dart appears from out of thin air!
The magic dart hits you!
* * * LOW HITPOINT WARNING * * *
HP[-8]
You take 8 damage, and now have 10/52 hp.
You feel less confused.
A magic dart appears from out of thin air!
The magic dart hits you!
* * * LOW HITPOINT WARNING * * *
The orc wizard casts a spell at you.
The puff of flame hits something.
Reactivating autopickup.
You feel a bit more experienced.
HP[-9]
You take 9 damage, and now have 1/52 hp.
The orc wizard gestures at you while chanting.
The magic dart hits you!
You die...

Skill      XL: |  1  2  3  4  5  6  7  8  9 |
---------------+----------------------------+-----
Stealth        | 2 3 4 5 |  5.0
Bows           | 5 7 9 10 | 10.8
Invocations    | 2 3 |  3.3
Dodging        | 3 4 |  4.8
Fighting       | 3 4 |  4.4

Action                   |  1- 3 |  4- 6 |  7- 9 || total
-------------------------+-------+-------+-------++-------
Melee: Shortbow          |       |       |     1 ||     1
       Kick              |       |       |     1 ||     1
 Fire: Shortbow          |    69 |   108 |   317 ||   494
Armor: Leather armour    |    14 |       |    15 ||    29
Dodge: Dodged            |    13 |    17 |   153 ||   183

Levels and vault maps discovered:
D:1:      nzn_arrival_crosshair, layout_basic,
          dilly_ecumenical_altar_fadedgnrine
D:2:      layout_loops_ring, serial_shops, nicolae_shop_hallway_stairs,
          uniq_jessica
D:3:      layout_basic
D:4:      layout_rooms, grunt_temple_overflow_open, overflow_temple_1_default,
          minmay_liquid_box, uniq_menkaure
D:5:      layout_basic, minmay_temple_entry_offerings, grunt_ministairs_14
D:6:      layout_loops_ring, gammafunk_ghost_stat_death, uniq_eustachio
D:7:      layout_basic, minmay_parallelograms

Notes
Turn   | Place    | Note
-------+----------+-------------------------------------------
     0 | D:1      | zeratav the Tengu Hunter began the quest for the Orb.
     0 | D:1      | Reached XP level 1. HP: 12/12 MP: 2/2
     0 | D:1      | magus.rc [v1.9.6]
   358 | D:1      | Reached skill level 2 in Stealth
   358 | D:1      | Reached XP level 2. HP: 17/17 MP: 3/3
   612 | D:1      | Found a faded altar of an unknown god.
  1024 | D:2      | Reached skill level 3 in Stealth
  1177 | D:2      | Noticed Jessica
  1177 | D:2      | HP: 3/17 [Jessica/nerve-wracking pain (14)]
  1517 | D:2      | Found Semp's Weapon Emporium.
  1549 | D:2      | Reached XP level 3. HP: 18/21 MP: 4/4
  1774 | D:2      | You pick up a book of Lightning and begin reading...
  1774 | D:2      | You add the spells Static Discharge, Lightning Bolt and
                  | Maxwell's Capacitive Coupling to your library.
  1783 | D:2      | Killed Jessica
  1784 | D:2      | Reached skill level 4 in Stealth
  1784 | D:2      | Reached XP level 4. HP: 26/26 MP: 5/5
  2397 | D:3      | Reached skill level 5 in Stealth
  2454 | D:3      | You pick up a book of Frost and begin reading...
  2454 | D:3      | You add the spells Freeze, Frozen Ramparts and Hailstorm to
                  | your library.
  2591 | D:4      | Gained mutation: Your magical nature lets you fly swiftly
                  | and evasively. [Tengu growth]
  2591 | D:4      | Reached XP level 5. HP: 25/30 MP: 6/6
  2593 | D:4      | Found an iron altar of Okawaru.
  2599 | D:4      | Became a worshipper of Warmaster Okawaru
  2663 | D:4      | Noticed a water moccasin
  2668 | D:4      | Killed a water moccasin
  2669 | D:4      | Reached skill level 5 in Bows
  2669 | D:4      | Reached XP level 6. HP: 23/35 MP: 7/7
  2842 | D:4      | You pick up a book of Spatial Translocations and begin
                  | reading...
  2842 | D:4      | You add the spells Blink, Lesser Beckoning and Manifold
                  | Assault to your library.
  2859 | D:4      | Noticed Menkaure
  2861 | D:4      | Reached skill level 6 in Bows
  2870 | D:4      | Killed Menkaure
  2870 | D:4      | Reached * piety under Okawaru
  3036 | D:4      | Reached skill level 7 in Bows
  3193 | D:4      | Found a snail-covered altar of Cheibriados.
  3221 | D:4      | Found an ornate altar of the Wu Jian Council.
  3300 | D:4      | Reached XP level 7. HP: 25/40 MP: 8/8
  3580 | D:5      | Entered Level 5 of the Dungeon
  3845 | D:5      | Reached skill level 8 in Bows
  4135 | D:5      | Found a staircase to the Ecumenical Temple.
  4142 | D:5      | You pick up a book of Hexes and begin reading...
  4142 | D:5      | You add the spells Inner Flame, Cause Fear and Discord to
                  | your library.
  4412 | D:5      | Reached skill level 9 in Bows
  4591 | D:6      | Found a transporter.
  4594 | D:6      | Noticed testman's ghost (novice TrMo)
  4615 | D:6      | Reached XP level 8. HP: 34/44 MP: 9/9
  4619 | D:6      | Reached ** piety under Okawaru
  4766 | D:6      | Reached skill level 10 in Bows
  4955 | D:6      | Noticed Eustachio
  5221 | D:6      | Reached skill level 1 in Invocations
  5241 | D:6      | Reached skill level 3 in Dodging
  5452 | D:5      | HP: 7/45 [gnoll sergeant/+0 trident (11)]
  5736 | D:5      | Reached skill level 3 in Fighting
  5831 | D:6      | Found a transporter.
  5847 | D:6      | Reached skill level 2 in Invocations
  6213 | D:6      | Reached *** piety under Okawaru
  6221 | D:6      | Reached XP level 9. HP: 51/51 MP: 11/11
  6253 | D:6      | Reached skill level 4 in Dodging
  6313 | D:6      | Killed Eustachio
  6502 | D:7      | Reached skill level 4 in Fighting
  6555 | D:7      | Reached skill level 3 in Invocations
  6957 | D:7      | HP: 10/52 [something/magic dart (9)]
  6958 | D:7      | HP: 1/52 [something/magic dart (9)]
  6959 | D:7      | Killed from afar by an orc wizard

Vanquished Creatures
  Eustachio (D:6)
  Menkaure (D:4)
  An ice beast (D:6)
  2 water moccasins
  A black bear (D:6)
  A sky beast (D:7)
  A centaur (D:6)
  2 phantoms (D:5)
  3 bullfrogs (D:6)
  2 necrophages
  2 gnoll sergeants
  2 scorpions (D:6)
  2 wights (D:7)
  An orc priest (D:6)
  3 hounds
  2 jellies (D:6)
  Jessica (D:2)
  4 iguanas
  An orc wizard (D:6)
  9 gnolls
  8 adders
  2 white imps
  An ufetubus (D:6)
  A worm (D:4)
  4 dart slugs
  17 orcs
  9 ball pythons
  3 endoplasms
  3 giant cockroaches
  5 goblins
  3 hobgoblins
  4 jackals (D:2)
  8 quokkas
  6 bats
  4 frilled lizards
  13 kobolds
  2 rats (D:2)
135 creatures vanquished.

Vanquished Creatures (others)
  2 orc wizards
  An orc (D:7)
3 creatures vanquished.

Grand Total: 138 creatures vanquished

Table legend:
 A = Non-vault XP
 B = Vault XP
 C = Vault XP percentage of total XP
 D = Non-vault monster count
 E = Vault monster count
 F = Vault count percentage of total count
                 A         B        C        D         E       F
            +---------+---------+-------+---------+---------+-------
      Total |    2857 |     440 |  13.3 |     132 |       5 |   3.6
            +---------+---------+-------+---------+---------+-------
        D:1 |      19 |       0 |   0.0 |      12 |       0 |   0.0
        D:2 |      50 |      37 |  42.5 |      23 |       1 |   4.2
        D:3 |      55 |       0 |   0.0 |      20 |       0 |   0.0
        D:4 |     317 |     172 |  35.2 |      22 |       1 |   4.3
        D:5 |     532 |      43 |   7.5 |      13 |       2 |  13.3
        D:6 |    1353 |     188 |  12.2 |      33 |       1 |   2.9
        D:7 |     531 |       0 |   0.0 |       9 |       0 |   0.0
            +---------+---------+-------+---------+---------+-------

Illustrated notes

Table legend:
 A = Kills in this place as a percentage of kills in entire the game.
 B = Kills by you in this place as a percentage of kills by you in the entire game.
 C = Kills by friends in this place as a percentage of kills by friends in the entire game.
 D = Other kills in this place as a percentage of other kills in the entire game.
 E = Experience gained in this place as a percentage of experience gained in the entire game.
 F = Experience gained in this place divided by the number of levels of this place that you have seen.
                   A       B       C       D       E      F
               +-------+-------+-------+-------+-------+----------------------
         Total | 100.0 | 100.0 |   N/A | 100.0 | 100.0 | 471.0
       Dungeon | 100.0 | 100.0 |   N/A | 100.0 | 100.0 | 471.0
               +-------+-------+-------+-------+-------+----------------------

Table legend: (Time is in decaauts)
 A = Elapsed time spent in this place.
 B = Non-inter-level travel time spent in this place.
 C = Inter-level travel time spent in this place.
 D = Time resting spent in this place.
 E = Time spent auto-exploring this place.
 F = Levels seen in this place.
 G = Mean time per level.
                   A        B        C        D        E       F      G
               +--------+--------+--------+--------+--------+-----+--------+
         Total |   6807 |   6583 |    224 |   1017 |   4469 |   7 |  972.4 |
       Dungeon |   6807 |   6583 |    224 |   1017 |   4469 |   7 |  972.4 |
               +--------+--------+--------+--------+--------+-----+--------+

Top non-repeatable levels by time:
     D:5: 1503 daAuts
     D:1: 1289 daAuts
     D:6: 1198 daAuts
     D:4: 986 daAuts
     D:2: 868 daAuts
     D:7: 514 daAuts
     D:3: 447 daAuts
